| TOP OF THE 1ST |
|
Princeton Rays batting - Pitching for Texas (APP) Rangers : RHP Bobby Scott
|
|
Pitching: RHP Bobby Scott
|
|
|
Batting: SHB Luis Verduzco
|
0-0: Foul Ball, location: 2F 0-1: Ball 1-1: Swinging Strike 1-2: Strikes out looking
|
|
Batting: LHB Dave Northam
|
0-0: Called Strike 0-1: Called Strike 0-2: Foul Ball, location: 2F 0-2: Ball 1-2: Strikes out swinging
|
|
Batting: SHB Ray Luna
|
0-0: Ball 1-0: Ground out 6-3 (Groundball, 6MD, EV 103.8 MPH)
|
| Top of the 1st over - 0 runs, 0 hits, 0 errors, 0 left on base; Princeton 0 - Texas (APP) 0 |
| BOTTOM OF THE 1ST |
|
Texas (APP) Rangers batting - Pitching for Princeton Rays : LHP Alex Viera
|
|
Pitching: LHP Alex Viera
|
|
|
Batting: SHB Tim Rogers
|
0-0: Called Strike 0-1: Swinging Strike 0-2: Ball 1-2: Ball 2-2: SINGLE (Groundball, 6MD, EV 100.6 MPH)
|
|
Batting: RHB Ron Squires
|
0-0: Called Strike 0-1: Called Strike Tim Rogers steals 2nd, throwing error, E2 Tim Rogers to third 0-2: Ball 1-2: Ground out 5-3 (Groundball, 56, EV 93.1 MPH) Tim Rogers scores
|
|
Batting: RHB Luis Reyna
|
0-0: Called Strike 0-1: Foul Ball, location: 2F 0-2: Foul Ball, location: 2F 0-2: SOLO HOME RUN (Flyball, 7D, EV 98.1 MPH), Distance : 367 ft
|
|
Batting: RHB Jerry Foster
|
0-0: Ball 1-0: Ground out 5-3 (Groundball, 5S, EV 66.2 MPH)
|
|
Batting: RHB Elias Sagrero
|
0-0: TRIPLE (Line Drive, 9D, EV 103.8 MPH)
|
|
Batting: RHB Luis Solorzano
|
0-0: Foul Ball, location: 2F 0-1: Ball 1-1: Foul Ball, location: 2F 1-2: Ball 2-2: Strikes out looking
|
| Bottom of the 1st over - 2 runs, 3 hits, 1 error, 1 left on base; Princeton 0 - Texas (APP) 2 |
| TOP OF THE 2ND |
|
Princeton Rays batting - Pitching for Texas (APP) Rangers : RHP Bobby Scott
|
|
Batting: RHB Tim Dower
|
0-0: Called Strike 0-1: Ball 1-1: Ball 2-1: Foul Ball, location: 2F 2-2: SINGLE (Line Drive, 8LS, EV 86.9 MPH)
|
|
Batting: RHB Wan-ling Zhu
|
0-0: Ball 1-0: Called Strike 1-1: Called Strike 1-2: Ball 2-2: Strikes out swinging
|
|
Batting: RHB Mikey Sano
|
0-0: Ball 1-0: Called Strike 1-1: Grounds into double play, 6-4-3 (Groundball, 6, EV 96.2 MPH)
|
| Top of the 2nd over - 0 runs, 1 hit, 0 errors, 0 left on base; Princeton 0 - Texas (APP) 2 |
| BOTTOM OF THE 2ND |
|
Texas (APP) Rangers batting - Pitching for Princeton Rays : LHP Alex Viera
|
|
Batting: SHB Albert Ortiz
|
0-0: Swinging Strike 0-1: Ball 1-1: Reached on error, E6 (Groundball, 6, EV 85.6 MPH)
|
|
Batting: LHB Eddie Reyes
|
0-0: Called Strike 0-1: Called Strike 0-2: Ball 1-2: Ball 2-2: Strikes out swinging, 2-3 out at first.
|
|
Batting: LHB Bobby Scott
|
0-0: SINGLE (Groundball, 4MD, EV 103.1 MPH) Albert Ortiz to third
|
|
Batting: SHB Tim Rogers
|
0-0: Called Strike 0-1: SINGLE (Line Drive, 6D, EV 99.4 MPH) Albert Ortiz scores Bobby Scott to second
|
|
Batting: RHB Ron Squires
|
0-0: Ball 1-0: Ball 2-0: Called Strike 2-1: Ball 3-1: SINGLE (Groundball, 6MD, EV 96.2 MPH) Bobby Scott to third Tim Rogers to second Runner from 3rd tries for Home, throw by CF and OUT! 8-2 Tim Rogers to third Ron Squires to second
|
|
Batting: RHB Luis Reyna
|
0-0: Ball 1-0: Ball 2-0: Called Strike 2-1: Swinging Strike 2-2: Ball 3-2: Foul Ball, location: 2F 3-2: Fly out, F8 (Flyball, 8LD, EV 101.2 MPH)
|
| Bottom of the 2nd over - 1 run, 3 hits, 1 error, 2 left on base; Princeton 0 - Texas (APP) 3 |
| TOP OF THE 3RD |
|
Princeton Rays batting - Pitching for Texas (APP) Rangers : RHP Bobby Scott
|
|
Batting: RHB Bobby Ross
|
0-0: Ball 1-0: Called Strike 1-1: Ball 2-1: Ground out 6-3 (Groundball, 6, EV 108.8 MPH)
|
|
Batting: RHB Bogumil Filipowski
|
0-0: Fly out, F7 (Line Drive, 78M, EV 102.5 MPH)
|
|
Batting: LHB Eduardo Lopez
|
0-0: Reached on error, E4 (Groundball, 34, EV 103.8 MPH)
|
|
Batting: SHB Luis Verduzco
|
0-0: Swinging Strike 0-1: Swinging Strike 0-2: Ball Wild Pitch! Eduardo Lopez to third 1-2: Strikes out swinging
|
| Top of the 3rd over - 0 runs, 0 hits, 1 error, 1 left on base; Princeton 0 - Texas (APP) 3 |
| BOTTOM OF THE 3RD |
|
Texas (APP) Rangers batting - Pitching for Princeton Rays : LHP Alex Viera
|
|
Batting: RHB Jerry Foster
|
0-0: Foul Ball, location: 2F 0-1: Foul Ball, location: 2F 0-2: Strikes out swinging
|
|
Batting: RHB Elias Sagrero
|
0-0: Ball 1-0: Called Strike 1-1: Foul Ball, location: 2F 1-2: Strikes out looking
|
|
Batting: RHB Luis Solorzano
|
0-0: Ball 1-0: Foul Ball, location: 2F 1-1: Ball 2-1: Ground out 4-3 (Groundball, 4, EV 109.4 MPH)
|
| Bottom of the 3rd over - 0 runs, 0 hits, 0 errors, 0 left on base; Princeton 0 - Texas (APP) 3 |
| TOP OF THE 4TH |
|
Princeton Rays batting - Pitching for Texas (APP) Rangers : RHP Bobby Scott
|
|
Batting: LHB Dave Northam
|
0-0: Ball 1-0: Called Strike 1-1: Foul Ball, location: 2F 1-2: Foul Ball, location: 2F 1-2: Foul Ball, location: 2F 1-2: Foul Ball, location: 2F 1-2: Strikes out swinging
|
|
Batting: SHB Ray Luna
|
0-0: Called Strike 0-1: Called Strike 0-2: Strikes out swinging
|
|
Batting: RHB Tim Dower
|
0-0: Called Strike 0-1: Ground out 6-3 (Groundball, 6, EV 104.4 MPH)
|
| Top of the 4th over - 0 runs, 0 hits, 0 errors, 0 left on base; Princeton 0 - Texas (APP) 3 |
| BOTTOM OF THE 4TH |
|
Texas (APP) Rangers batting - Pitching for Princeton Rays : LHP Alex Viera
|
|
Batting: SHB Albert Ortiz
|
0-0: Called Strike 0-1: Foul Ball, location: 2F 0-2: Ball 1-2: Ball 2-2: Ball 3-2: Ground out 6-3 (Groundball, 56, EV 109.4 MPH)
|
|
Batting: LHB Eddie Reyes
|
0-0: Ball 1-0: Ball 2-0: Swinging Strike 2-1: Foul Ball, location: 2F 2-2: Strikes out swinging
|
|
Batting: LHB Bobby Scott
|
0-0: Foul Ball, location: 2F 0-1: Ball 1-1: Ball 2-1: Foul Ball, location: 2F 2-2: Strikes out swinging
|
| Bottom of the 4th over - 0 runs, 0 hits, 0 errors, 0 left on base; Princeton 0 - Texas (APP) 3 |
| TOP OF THE 5TH |
|
Princeton Rays batting - Pitching for Texas (APP) Rangers : RHP Bobby Scott
|
|
Batting: RHB Wan-ling Zhu
|
0-0: DOUBLE (Flyball, 8LXD, EV 93.1 MPH)
|
|
Batting: RHB Mikey Sano
|
0-0: Ball 1-0: Ball 2-0: Called Strike 2-1: Foul Ball, location: 2F 2-2: DOUBLE (Flyball, 8LD, EV 96.2 MPH) Wan-ling Zhu scores
|
|
Batting: RHB Bobby Ross
|
0-0: Called Strike 0-1: Ground out 4-3 (Groundball, 4S, EV 83.8 MPH) Mikey Sano to third
|
|
Batting: RHB Bogumil Filipowski
|
0-0: Ball 1-0: Ball 2-0: Ball 3-0: Base on Balls
|
|
Batting: LHB Eduardo Lopez
|
0-0: Ball 1-0: Ball 2-0: Foul Ball, location: 2F 2-1: Ground out 6-3 (Groundball, 6MS, EV 73.1 MPH) Mikey Sano scores Bogumil Filipowski to second
|
|
Pinch Hitting: LHB Oscar Curiel
|
0-0: Ball 1-0: Ball 2-0: Called Strike 2-1: Foul Ball, location: 2F 2-2: SINGLE (Groundball, 15S, EV 76.2 MPH) (infield hit) Bogumil Filipowski to third
|
|
Batting: LHB Dave Northam
|
0-0: Ground out 4-3 (Groundball, 34D, EV 101.9 MPH)
|
| Top of the 5th over - 2 runs, 3 hits, 0 errors, 2 left on base; Princeton 2 - Texas (APP) 3 |
| BOTTOM OF THE 5TH |
|
Texas (APP) Rangers batting - Pitching for Princeton Rays : LHP Alex Viera
|
|
Now in RF: Oscar Curiel
|
|
|
Batting: SHB Tim Rogers
|
0-0: Foul Ball, location: 2F 0-1: Ball 1-1: Foul Ball, location: 2F 1-2: Ball 2-2: Foul Ball, location: 2F 2-2: Foul Ball, location: 2F 2-2: Foul Ball, location: 2F 2-2: Foul Ball, location: 2F 2-2: Foul Ball, location: 2F 2-2: Ball 3-2: Fly out, F4 (Flyball, 4D, EV 92.5 MPH)
|
|
Batting: RHB Ron Squires
|
0-0: Ball 1-0: Ball 2-0: Ball 3-0: Called Strike 3-1: Base on Balls
|
|
Batting: RHB Luis Reyna
|
0-0: Ball 1-0: Called Strike 1-1: Ball 2-1: Ball 3-1: Called Strike 3-2: Base on Balls Ron Squires to second
|
|
Batting: RHB Jerry Foster
|
0-0: Ball 1-0: Foul Ball, location: 2F 1-1: DOUBLE (Flyball, 89D, EV 90.6 MPH) Ron Squires scores Luis Reyna to third Runner from 3rd tries for Home, SAFE, throw by CF to home
|
|
Batting: RHB Elias Sagrero
|
0-0: Intentional Walk
|
|
Pitching: RHP Michito Higashi
|
|
|
Batting: RHB Luis Solorzano
|
0-0: Ball 1-0: SINGLE (Groundball, 34D, EV 96.2 MPH) Jerry Foster to third Elias Sagrero to second Runner from 3rd tries for Home, throw by RF and OUT! 9-2
|
|
Batting: SHB Albert Ortiz
|
0-0: Ball 1-0: Ball 2-0: Called Strike 2-1: Ball 3-1: Base on Balls Elias Sagrero to third Luis Solorzano to second
|
|
Batting: LHB Eddie Reyes
|
0-0: Ball 1-0: Ball 2-0: Swinging Strike 2-1: Foul Ball, location: 2F 2-2: SINGLE (Groundball, 23, EV 63.1 MPH) (infield hit) Elias Sagrero scores Luis Solorzano to third Albert Ortiz to second
|
|
Batting: LHB Bobby Scott
|
0-0: Ball 1-0: SINGLE (Groundball, 4MD, EV 96.9 MPH) Luis Solorzano scores Albert Ortiz to third Eddie Reyes to second Throwing error, E8 Albert Ortiz scores Eddie Reyes to third Bobby Scott to second
|
|
Batting: SHB Tim Rogers
|
0-0: Ball 1-0: Ball 2-0: Ball 3-0: Called Strike 3-1: Fly out, F9 (Line Drive, 9, EV 89.4 MPH)
|
| Bottom of the 5th over - 5 runs, 4 hits, 1 error, 2 left on base; Princeton 2 - Texas (APP) 8 |
| TOP OF THE 6TH |
|
Princeton Rays batting - Pitching for Texas (APP) Rangers : RHP Bobby Scott
|
|
Batting: SHB Ray Luna
|
0-0: Ball 1-0: Ball 2-0: Ball 3-0: Called Strike 3-1: Swinging Strike 3-2: DOUBLE (Groundball, 5L, EV 102.5 MPH)
|
|
Batting: RHB Tim Dower
|
0-0: Ball 1-0: Called Strike 1-1: Ball 2-1: Ground out 4-3 (Groundball, 4, EV 85.6 MPH) Ray Luna to third
|
|
Batting: RHB Wan-ling Zhu
|
0-0: Ball 1-0: Foul Ball, location: 2F 1-1: Ball 2-1: Foul Ball, location: 2F 2-2: Ball 3-2: Strikes out looking
|
|
Batting: RHB Mikey Sano
|
0-0: Swinging Strike 0-1: Ball 1-1: Ball 2-1: Fly out, F5 (Line Drive, 5L, EV 65.0 MPH)
|
| Top of the 6th over - 0 runs, 1 hit, 0 errors, 1 left on base; Princeton 2 - Texas (APP) 8 |
| BOTTOM OF THE 6TH |
|
Texas (APP) Rangers batting - Pitching for Princeton Rays : RHP Michito Higashi
|
|
Batting: RHB Ron Squires
|
0-0: Called Strike 0-1: Swinging Strike 0-2: Strikes out swinging
|
|
Batting: RHB Luis Reyna
|
0-0: Ball 1-0: Ball 2-0: Ball 3-0: Called Strike 3-1: Base on Balls
|
|
Batting: RHB Jerry Foster
|
0-0: Foul Ball, location: 2F 0-1: Ball 1-1: SINGLE (Groundball, 56D, EV 104.4 MPH) (infield hit) Luis Reyna to second
|
|
Pitching: RHP Matt Wicker
|
|
|
Batting: RHB Elias Sagrero
|
0-0: Called Strike 0-1: Ball 1-1: Swinging Strike 1-2: Strikes out swinging
|
|
Batting: RHB Luis Solorzano
|
0-0: Ball 1-0: Ball 2-0: Ground out 6-3 (Groundball, 6MS, EV 80.6 MPH)
|
| Bottom of the 6th over - 0 runs, 1 hit, 0 errors, 2 left on base; Princeton 2 - Texas (APP) 8 |
| TOP OF THE 7TH |
|
Princeton Rays batting - Pitching for Texas (APP) Rangers : RHP Bobby Scott
|
|
Batting: RHB Bobby Ross
|
0-0: Called Strike 0-1: Called Strike 0-2: Strikes out swinging
|
|
Batting: RHB Bogumil Filipowski
|
0-0: Foul Ball, location: 2F 0-1: Fly out, F8 (Flyball, 8RS, EV 88.1 MPH)
|
|
Batting: LHB Eduardo Lopez
|
0-0: Ball 1-0: Ball 2-0: Called Strike 2-1: Ball 3-1: Swinging Strike 3-2: Strikes out swinging
|
| Top of the 7th over - 0 runs, 0 hits, 0 errors, 0 left on base; Princeton 2 - Texas (APP) 8 |
| BOTTOM OF THE 7TH |
|
Texas (APP) Rangers batting - Pitching for Princeton Rays : RHP Matt Wicker
|
|
Batting: SHB Albert Ortiz
|
0-0: Ball 1-0: Ball 2-0: Ball 3-0: Base on Balls
|
|
Batting: LHB Eddie Reyes
|
0-0: Called Strike 0-1: Foul Ball, location: 2F 0-2: Fielders Choice at 2nd, 5-4 (Groundball, 5S, EV 84.4 MPH)
|
|
Batting: LHB Bobby Scott
|
0-0: Called Strike 0-1: Ball 1-1: Called Strike Eddie Reyes steals 2nd base 1-2: Strikes out looking
|
|
Batting: SHB Tim Rogers
|
0-0: Foul Ball, location: 2F 0-1: Foul Ball, location: 2F 0-2: Ground out 5-3 (Groundball, 5, EV 88.1 MPH)
|
| Bottom of the 7th over - 0 runs, 0 hits, 0 errors, 1 left on base; Princeton 2 - Texas (APP) 8 |
| TOP OF THE 8TH |
|
Princeton Rays batting - Pitching for Texas (APP) Rangers : RHP Bobby Scott
|
|
Batting: LHB Oscar Curiel
|
0-0: Called Strike 0-1: Ball 1-1: Foul Ball, location: 2F 1-2: Strikes out swinging
|
|
Batting: LHB Dave Northam
|
0-0: Ball 1-0: Ball 2-0: Ball 3-0: Called Strike 3-1: Called Strike 3-2: Ground out 4-3 (Groundball, 4, EV 91.9 MPH)
|
|
Batting: SHB Ray Luna
|
0-0: Foul Ball, location: 2F 0-1: Ball 1-1: Foul Ball, location: 2F 1-2: Foul Ball, location: 2F 1-2: Ball 2-2: SOLO HOME RUN (Flyball, 9LD, EV 90.6 MPH), Distance : 338 ft
|
|
Batting: RHB Tim Dower
|
0-0: Foul Ball, location: 2F 0-1: Fly out, F7 (Flyball, 7S, EV 88.1 MPH)
|
| Top of the 8th over - 1 run, 1 hit, 0 errors, 0 left on base; Princeton 3 - Texas (APP) 8 |
| BOTTOM OF THE 8TH |
|
Texas (APP) Rangers batting - Pitching for Princeton Rays : RHP Matt Wicker
|
|
Batting: RHB Ron Squires
|
0-0: Called Strike 0-1: Fly out, F8 (Flyball, 89M, EV 91.2 MPH)
|
|
Batting: RHB Luis Reyna
|
0-0: Ball 1-0: Called Strike 1-1: Ball 2-1: Ground out 6-3 (Groundball, 6, EV 88.8 MPH)
|
|
Batting: RHB Jerry Foster
|
0-0: SINGLE (Groundball, 13S, EV 72.5 MPH) (infield hit)
|
|
Batting: RHB Elias Sagrero
|
0-0: Ball 1-0: Ball 2-0: Called Strike 2-1: Ball Wild Pitch! Jerry Foster to second 3-1: Fly out, F7 (Line Drive, 78M, EV 85.6 MPH)
|
| Bottom of the 8th over - 0 runs, 1 hit, 0 errors, 1 left on base; Princeton 3 - Texas (APP) 8 |
| TOP OF THE 9TH |
|
Princeton Rays batting - Pitching for Texas (APP) Rangers : RHP Bobby Scott
|
|
Pitching: RHP Tony Gutierrez
|
|
|
Batting: RHB Wan-ling Zhu
|
0-0: Foul Ball, location: 2F 0-1: Ground out 4-3 (Groundball, 4, EV 109.4 MPH)
|
|
Pinch Hitting: SHB Omar Cervantes
|
0-0: Ball 1-0: Ball 2-0: Called Strike 2-1: Swinging Strike 2-2: Strikes out swinging
|
|
Batting: RHB Bobby Ross
|
0-0: Ball 1-0: Foul Ball, location: 2F 1-1: Swinging Strike 1-2: Strikes out looking
|
| Top of the 9th over - 0 runs, 0 hits, 0 errors, 0 left on base; Princeton 3 - Texas (APP) 8 |
|